 Dungeon Crawl Stone Soup version 0.22.0-13-g43fe8f2 (webtiles) character file.

453756 Inarius the Slayer (level 23, -10/232 HPs)
             Began as a Minotaur Abyssal Knight on Aug 16, 2018.
             Was the Champion of Lugonu.
             Mangled by an ettin
             ... wielding a +0 dire flail
              (29 damage)
             ... while paralysed by a vampire knight
             ... on level 4 of the Depths.
             The game lasted 03:25:04 (59861 turns).

Inarius the Slayer (Minotaur Abyssal Knight)       Turns: 59861, Time: 03:25:04

Health: -10/232    AC: 33    Str: 32      XL:     23   Next: 24%
Magic:  34/34      EV:  2    Int:  8 (9)  God:    Lugonu [******]
Gold:   3175       SH:  0    Dex: 16      Spells: 22/22 levels left

rFire    + . .     SeeInvis +   S - +9 double sword (distort)
rCold    + . .     Gourm    .   w - +0 large shield
rNeg     + . .     Faith    .   E - +10 plate armour {rF+}
rPois    .         Spirit   .   B - +0 hat of Juats {Dex+2 SInv}
rElec    .         Reflect  .   Q - scarf {rC+ rF+}
rCorr    .         Harm     .   X - +0 pair of gloves
MR       +....                  L - +1 pair of boots
Stlth    ..........             v - amulet of regeneration
HPRegen  0.88/turn              h - ring of Lekkisonn {rF- rN+ Str+5 Dex+4}
MPRegen  0.24/turn              F - +5 ring of slaying

@: paralysed
A: retaliatory headbutt, horns 2
}: 2/15 runes: barnacled, gossamer
a: Depart the Abyss, Bend Space, Banish, Corrupt, Enter the Abyss, Renounce
Religion


You were on level 4 of the Depths.
You worshipped Lugonu.
Lugonu was exalted by your worship.
You were not hungry.

You visited 9 branches of the dungeon, and saw 44 of its levels.
You visited the Abyss 3 times.
You also visited: Ice Cave.

You collected 6425 gold pieces.
You spent 3250 gold pieces at shops.

Inventory:

Hand Weapons
 p - the +3 scimitar "Uwud" {slice, -Tele rC+++ SInv}
   (You found it on level 3 of the Depths)

   It inflicts extra damage upon your enemies.
   It renders you almost immune to cold.
   It lets you see invisible.
   It prevents most forms of teleportation.
 S - a +9 double sword of distortion (weapon)
Armour
 w - a +0 large shield (worn)
 B - the +0 hat of Juats (worn) {Dex+2 SInv}
   (You found it in an ice cave)

   It affects your dexterity (+2).
   It lets you see invisible.
 E - a +10 plate armour of fire resistance (worn)
 L - a +1 pair of boots (worn)
 M - a +2 cloak of magic resistance
 Q - a scarf of resistance (worn)
 X - a +0 pair of gloves (worn)
Jewellery
 b - the ring "Uddexumi" {rElec rPois rF- MR+}
   (You found it in an ice cave)

   [ring of protection from magic]

   It makes you vulnerable to fire.
   It insulates you from electricity.
   It protects you from poison.
   It affects your resistance to hostile enchantments.
 h - the ring of Lekkisonn (left hand) {rF- rN+ Str+5 Dex+4}
   (You took it off a deep elf mage on level 3 of the Elven Halls)

   [ring of strength]

   It affects your strength (+5).
   It affects your dexterity (+4).
   It makes you vulnerable to fire.
   It protects you from negative energy.
 v - an amulet of regeneration (around neck)
 F - a +5 ring of slaying (right hand)
 H - the ring "Givoqy" {Wiz rPois rF+}
   (You bought it in a shop on level 2 of the Depths)

   [ring of wizardry]

   It improves your spell success rate.
   It protects you from fire.
   It protects you from poison.
 T - an uncursed ring of protection from cold
 W - an uncursed ring of positive energy
Wands
 a - a wand of paralysis (19)
 d - a wand of disintegration (8)
 n - a wand of iceblast (13)
 o - a wand of digging (28)
 q - a wand of clouds (3)
 r - a wand of acid (4)
Scrolls
 f - 7 scrolls of teleportation
 g - 5 scrolls of fog
 k - 16 scrolls of remove curse
 x - a scroll of summoning
 y - a scroll of enchant armour
 A - 7 scrolls of immolation
 D - a scroll of enchant weapon
 I - 5 scrolls of blinking
 J - 2 scrolls of magic mapping
 K - 4 scrolls of silence
 N - 5 scrolls of vulnerability
 O - 5 scrolls of identify
 U - 2 scrolls of fear
 Z - a scroll of holy word
Potions
 e - 3 potions of might
 i - 5 potions of mutation
 j - 2 potions of cancellation
 l - 5 potions of heal wounds
 m - 2 potions of invisibility
 t - 2 potions of resistance
 u - 9 potions of curing
 z - 9 potions of ambrosia
 C - 6 potions of flight
 R - 3 potions of haste
 Y - 4 potions of berserk rage
Miscellaneous
 s - a sack of spiders
 P - a lamp of fire
 V - 4 phantom mirrors
Comestibles
 c - 69 rations
 G - 5 chunks of flesh


   Skills:
 + Level 24.9 Fighting
 + Level 24.1 Long Blades
   Level 0.6 Maces & Flails
 + Level 18.7 Armour
 + Level 14.6 Dodging
 - Level 1.3 Stealth
 - Level 10.6 Shields
 + Level 16.0 Invocations
 + Level 7.3 Evocations


You had 22 spell levels left.
You didn't know any spells.
Your spell library contained the following spells:

 Spells                   Type           Power        Failure   Level  Hunger
 Cause Fear               Hex            #.........   100%        4    #####..
 Magic Dart               Conj           #...         100%        1    ##.....
 Fireball                 Conj/Fire      #.........   100%        5    ######.
 Apportation              Tloc           #.....       100%        1    ##.....
 Conjure Flame            Conj/Fire      #.......     100%        3    ####...
 Bolt of Fire             Conj/Fire      #.........   100%        6    #######
 Lightning Bolt           Conj/Air       #.........   100%        5    ######.
 Slow                     Hex            #.......     100%        2    ###....
 Confuse                  Hex            #.......     100%        3    ####...
 Invisibility             Hex            #.......     100%        6    #######
 Mephitic Cloud           Conj/Pois/Air  #.......     100%        3    ####...
 Ring of Flames           Chrm/Fire      #.........   100%        7    #######
 Summon Small Mammal      Summ           #...         100%        1    ##.....
 Lehudib's Crystal Spear  Conj/Erth      #.........   100%        8    #######
 Fire Storm               Conj/Fire      #.........   100%        9    #######
 Blink                    Tloc           N/A          100%        2    ###....
 Iskenderun's Mystic Bla  Conj           #.......     100%        4    #####..
 Animate Dead             Necr           N/A          100%        4    #####..
 Pain                     Necr           #...         100%        1    ##.....
 Animate Skeleton         Necr           N/A          100%        1    ##.....
 Vampiric Draining        Necr           #.........   100%        3    ####...
 Call Imp                 Summ           #.......     100%        2    ###....
 Poison Arrow             Conj/Pois      #.........   100%        6    #######
 Regeneration             Chrm/Necr      #.........   100%        3    ####...
 Sting                    Conj/Pois      #...         100%        1    ##.....
 Sublimation of Blood     Necr           #.........   100%        2    ###....
 Tukima's Dance           Hex            #.......     100%        3    ####...
 Stone Arrow              Conj/Erth      #.....       100%        3    ####...
 Shock                    Conj/Air       #...         100%        1    ##.....
 Swiftness                Chrm/Air       #.......     100%        2    ###....
 Recall                   Summ/Tloc      N/A          100%        3    ####...
 Spider Form              Tmut/Pois      #.........   100%        3    ####...
 Statue Form              Tmut/Erth      #........    100%        6    #######
 Dragon Form              Tmut           #.........   100%        7    #######
 Death Channel            Necr           #.........   100%        6    #######
 Glaciate                 Conj/Ice       #.........   100%        9    #######
 Airstrike                Air            #.........   100%        4    #####..
 Confusing Touch          Hex            #.....       100%        1    ##.....
 Passwall                 Tmut/Erth      #.......     100%        2    ###....
 Ignite Poison            Fire/Tmut/Pois #.......     100%        3    ####...
 Sticks to Snakes         Tmut           #.......     100%        2    ###....
 Ensorcelled Hibernation  Hex/Ice        #.....       100%        2    ###....
 Metabolic Englaciation   Hex/Ice        #.........   100%        5    ######.
 Static Discharge         Conj/Air       #.......     100%        3    ####...
 Corona                   Hex            #......      100%        1    ##.....
 Alistair's Intoxication  Tmut/Pois      #.......     100%        5    ######.
 Lee's Rapid Deconstruct  Erth           #.........   100%        5    ######.
 Sandblast                Erth           #.....       100%        1    ##.....
 Simulacrum               Ice/Necr       #.........   100%        6    #######
 Chain Lightning          Conj/Air       #.........   100%        8    #######
 Portal Projectile        Hex/Tloc       #.....       100%        3    ####...
 Petrify                  Tmut/Erth      #.......     100%        4    #####..
 Leda's Liquefaction      Hex/Erth       #.........   100%        4    #####..
 Inner Flame              Hex/Fire       #.......     100%        3    ####...
 Beastly Appendage        Tmut           #.....       100%        1    ##.....
 Fulminant Prism          Conj/Hex       #.........   100%        4    #####..
 Dazzling Spray           Conj/Hex       #.....       100%        3    ####...
 Force Lance              Conj/Tloc      #.......     100%        4    #####..
 Spectral Weapon          Hex/Chrm       #.......     100%        3    ####...
 Searing Ray              Conj           #.....       100%        2    ###....
 Summon Mana Viper        Hex/Summ       #.......     100%        5    ######.
 Hydra Form               Tmut           #.........   100%        6    #######
 Irradiate                Conj/Tmut      #.........   100%        5    ######.
 Gell's Gravitas          Tloc           #.........   100%        3    ####...
 Yara's Violent Unravell  Hex/Tmut       #.........   100%        5    ######.
 Poisonous Vapours        Pois/Air       #.....       100%        2    ###....
 Ignition                 Fire           #.........   100%        8    #######
 Borgnjor's Vile Clutch   Necr/Erth      #.........   100%        5    ######.


Dungeon Overview and Level Annotations

Branches:
Dungeon (15/15)            Temple (1/1) D:6            Lair (6/6) D:11
 Shoals (4/4) Lair:3       Spider (4/4) Lair:2        Slime (0/5) Lair:6
    Orc (2/2) D:12            Elf (3/3) Orc:2        Vaults (4/5) D:13
  Crypt (0/3) Vaults:3     Depths (5/5) D:15
    Zot: Depths:5

Altars:
Dithmenos
Elyvilon
Fedhas
Gozag
Kikubaaqudgha
Makhleb
Okawaru
Qazlal
Sif Muna
Uskayaw
Wu Jian
Yredelemnul
The Shining One
Beogh
Jiyva
Lugonu

Shops:
D:8 *   D:9 !   Orc:2 *=***   Vaults:1 !   Vaults:3 *[   Depths:2 }==

Portals:
Hell: Depths:1 Depths:2 Depths:3 Depths:4
Abyss: Depths:1 Depths:2 Depths:4
Pandemonium: Depths:3 Depths:4
Ziggurat: Depths:4
Trove: Depths:1 (give 8 potions of agility)

Annotations:
D:7 exclusion: ice statue
Spider:2 Arachne


Innate Abilities, Weirdness & Mutations

You reflexively headbutt those who attack you in melee.
You have a pair of horns on your head.


Message History

The vampire knight bites you but does no damage.
The ettin hits you but does no damage. x2
The vampire knight hits you with an enchanted battleaxe!
The vampire knight bites you but does no damage.
The ettin hits you with a dire flail!! The ettin hits you but does no damage.
The vampire knight hits you but does no damage.
The vampire knight bites you but does no damage.
The ettin hits you with a dire flail!!!
* * * LOW HITPOINT WARNING * * *
The ettin hits you with a dire flail.
* * * LOW HITPOINT WARNING * * *
The vampire knight hits you but does no damage.
The vampire knight bites you!
* * * LOW HITPOINT WARNING * * *
The vampire knight draws strength from your injuries!
The vampire knight hits you with an enchanted battleaxe!
* * * LOW HITPOINT WARNING * * *
The vampire knight bites you but does no damage.
The ettin hits you with a dire flail!!
You die...

##.##
#.........###.......'...... #..#
#......<..#.#.###..##...... ...#
#.........'...# ##.##......
#######.........#'### #..#......
.................[.# #.#.###'##
#.######...........#####.##.#..#
.#.#####...........'.....###.#(#
#.#.............C..#####.##.#[(#
##.#.###........@..........#.[(#
###.#.##........V......[.....#.#
####.#...........#.<.......#.##
###...........##.######.....
#...........##..##########
########'#####........# #
#........#.##### #
##..##.#..##.# #
#...#........###


You could see a vampire knight (invisible) and an ettin.

Vanquished Creatures
  Mennas (Vaults:4)
  Boris (Vaults:2)
  Xtahua (Depths:3)
  Nikola (Depths:3)
  A tentacled monstrosity (Depths:4)
  3 liches
  Rupert (D:14)
  A deep elf master archer (Elf:3)
  A titan (Depths:1)
  2 krakens (Shoals:2)
  3 sphinxes (Vaults:4)
  Frances (Shoals:1)
  5 deep elf blademasters
  6 storm dragons
  A thorn hunter (Lair:1)
  4 tengu reavers
  An azure jelly (shapeshifter) (Depths:3)
  9 fire giants
  A frost giant (shapeshifter) (Vaults:1)
  3 deep elf sorcerers (Elf:3)
  An iron dragon (shapeshifter) (Depths:4)
  An iron dragon (Depths:4)
  10 vault wardens
  4 frost giants
  An orc warlord (Orc:2)
  An emperor scorpion (Spider:3)
  4 ghost moths (Spider:4)
  2 deep elf elementalists (Elf:3)
  7 ironheart preservers
  14 very ugly things
  A war gargoyle (Vaults:1)
  2 entropy weavers (Vaults:4)
  18 stone giants
  5 deep elf demonologists
  Azrael (D:15)
  7 deep elf annihilators (Elf:3)
  4 spark wasps
  A blizzard demon (IceCv)
  6 merfolk javelineers
  4 ettins
  2 jiangshi (Depths:4)
  5 deep elf death magi (Elf:3)
  10 great orbs of eyes
  The ghost of biddum the Blocker, a journeyman TrFi of Okawaru (Lair:1)
  Josephine (Lair:3)
  10 fire dragons
  11 merfolk impalers
  9 yaktaur captains
  The ghost of Scuka the Severer, a journeyman DDFi of Makhleb (D:11)
  17 ogre magi
  8 deep elf high priests
  6 ice dragons
  7 rakshasas
  8 hydras
  8 centaur warriors
  5 vault guards
  A merfolk avatar (Shoals:1)
  4 death knights
  A spriggan air mage (Depths:3)
  51 two-headed ogres
  3 merfolk aquamancers
  5 deep troll shamans
  A catoblepas (D:14)
  25 dancing weapons
  8 death yaks
  3 deep troll earth magi
  An orc high priest (Orc:1)
  5 tengu warriors
  5 hell knights (Depths:1)
  5 vampire magi
  13 deep elf knights
  A sun demon (Depths:3)
  2 shadow wraiths (Vaults:2)
  A spectral death yak (Lair:1)
  A titan skeleton (Depths:3)
  5 skeletal warriors
  5 unseen horrors
  10 sea snakes
  5 iron trolls
  4 glowing orange brains
  A swamp dragon (Lair:6)
  3 flayed ghosts
  A lindwurm (Lair:5)
  15 deep trolls
  7 deep elf archers
  A harpy (shapeshifter) (D:13)
  12 ironbrand convokers
  2 wizards
  A phantasmal warrior (D:14)
  6 orc knights
  A wolf spider zombie (Vaults:1)
  16 harpies
  An obsidian statue (Vaults:3)
  36 wolf spiders
  19 orb spiders
  2 spectral hydras (Lair:1)
  7 necromancers
  An orb spider (shapeshifter) (Depths:2)
  14 manticores
  A shining eye (Depths:4)
  50 deep elf magi
  A moth of wrath (shapeshifter) (Depths:1)
  34 ugly things
  8 fauns
  4 orc sorcerers
  A mana viper (shapeshifter) (Vaults:2)
  16 cyclopes
  8 elephants
  2 moths of wrath
  7 vault sentinels
  2 torpor snails
  5 centaur zombies
  A guardian serpent (Lair:6)
  4 water nymphs
  10 merfolk sirens
  11 black mambas
  A spiny frog (shapeshifter) (Vaults:2)
  A titan simulacrum (Depths:3)
  3 gargoyles
  5 centaur skeletons (D:15)
  18 spiny frogs
  A fire giant skeleton (Depths:2)
  A spriggan zombie (Depths:2)
  A komodo dragon (shapeshifter) (D:15)
  An elf zombie (Depths:2)
  3 rime drakes
  6 ice devils
  A yaktaur (shapeshifter) (D:13)
  36 yaktaurs
  2 efreet
  A kobold demonologist (D:11)
  An anaconda simulacrum (IceCv)
  A tormentor (Depths:3)
  10 demonic crawlers
  12 komodo dragons
  4 freezing wraiths
  2 guardian mummies (Depths:1)
  4 tengu conjurers
  A merfolk (shapeshifter) (Depths:4)
  40 jumping spiders
  A polar bear (Lair:6)
  2 wandering mushrooms (D:13)
  6 meliai
  14 hornets
  3 queen bees (shapeshifter)
  4 wind drakes
  3 trolls
  A tyrant leech (shapeshifter) (Depths:1)
  24 merfolk
  2 wind drakes (shapeshifter)
  30 blink frogs
  A blink frog (shapeshifter) (Vaults:4)
  39 slime creatures
  2 dream sheep (Shoals:3)
  9 snapping turtles
  9 hippogriffs
  27 yaks
  34 tarantellas
  7 fire elementals
  A vampire (D:14)
  14 water elementals
  3 air elementals
  13 wyverns
  A ynoxinul (Depths:3)
  57 redbacks
  A hog (shapeshifter) (Depths:2)
  A fire bat (Abyss:3)
  A hungry ghost (D:8)
  A dire elephant simulacrum (IceCv)
  7 wraiths
  6 basilisks
  5 steam dragons
  2 basilisks (shapeshifter)
  A chaos spawn (Abyss:3)
  3 vampire mosquitoes (D:14)
  An elf skeleton (Depths:3)
  A spectral spiny frog (Lair:1)
  A death yak simulacrum (Lair:1)
  3 iron troll simulacra (IceCv)
  2 soldier ants (D:8)
  5 harpy simulacra (IceCv)
  An acid dragon (Lair:6)
  5 wargs
  5 hydra simulacra
  2 floating eyes
  24 water moccasins
  3 hell hounds
  4 porcupines
  25 orc warriors
  3 ice beasts
  3 sky beasts
  2 eyes of draining
  A black bear (D:12)
  5 phantoms
  An ettin simulacrum (IceCv)
  2 necrophages
  An ogre (shapeshifter) (D:13)
  59 ogres
  21 boggarts
  8 centaurs
  9 wolves
  12 crocodiles
  18 bullfrogs
  A glowing shapeshifter simulacrum (Depths:2)
  A gnoll sergeant (D:8)
  A bullfrog (shapeshifter) (Vaults:1)
  2 wyvern zombies
  4 earth elementals
  A wyvern skeleton (D:14)
  4 scorpions
  An elephant simulacrum (IceCv)
  A dream sheep simulacrum (Lair:1)
  22 killer bees
  8 wights
  5 crimson imps
  3 howler monkeys
  3 bullfrog zombies
  16 jellies
  3 quasits
  A draconian simulacrum (IceCv)
  7 human zombies
  A bullfrog skeleton (D:10)
  16 orc priests
  13 hounds
  23 orc wizards
  Jessica (D:2)
  3 human skeletons
  Terence (D:2)
  4 hell rats (D:11)
  5 iguanas
  12 worker ants
  A killer bee zombie (D:10)
  2 troll simulacra (IceCv)
  A spriggan simulacrum (IceCv)
  2 wolf simulacra (IceCv)
  2 centaur simulacra (IceCv)
  An ogre zombie (D:8)
  A hound skeleton (D:4)
  A mummy (D:8)
  A worker ant zombie (D:10)
  9 gnolls
  A howler monkey skeleton (D:6)
  17 adders
  2 naga simulacra (IceCv)
  3 ogre simulacra (IceCv)
  A river rat (D:11)
  2 shadow imps
  4 white imps
  7 ufetubi
  14 oozes (Lair:1)
  An adder skeleton (D:7)
  2 worms
  A dart slug (D:1)
  4 leopard geckos
  104 orcs
  7 bats
  3 giant cockroaches
  6 hobgoblins
  14 jackals
  5 quokkas
  5 ball pythons (D:13)
  2 frilled lizards
  11 goblins
  3 kobolds
  An orc zombie (D:8)
  A quokka zombie (D:5)
  5 rats
  2 briar patches (Lair:1)
  4 plants (D:13)
  3 tentacles (Shoals:2)
1863 creatures vanquished.

Vanquished Creatures (collateral kills)
  A merfolk impaler (Shoals:4)
  A sea snake (Shoals:2)
  2 fauns (Shoals:1)
  A merfolk siren (Shoals:4)
  6 merfolk (Shoals:4)
  A snapping turtle (Shoals:4)
12 creatures vanquished.

Vanquished Creatures (others)
  The ghost of Bumal the Intangible, a veteran MfGl of Trog (Vaults:3)
  2 fire giants (Depths:1)
  2 emperor scorpions (Spider:4)
  3 very ugly things
  2 stone giants (Depths:4)
  2 entropy weavers
  A merfolk javelineer (Shoals:4)
  2 fire dragons (Depths:3)
  An ice dragon (Depths:3)
  A hydra (Lair:4)
  An alligator snapping turtle (Lair:3)
  A centaur warrior (Depths:3)
  A satyr (Shoals:3)
  A deep troll shaman (Depths:3)
  A deep elf knight (Vaults:2)
  A slime creature (Depths:3)
  An orc knight (Vaults:2)
  3 wolf spiders
  An ugly thing (Depths:3)
  A manticore (Shoals:1)
  A shining eye (Depths:4)
  A faun (Shoals:3)
  An iron dragon skeleton (Depths:3)
  2 yaktaurs
  2 freezing wraiths (IceCv)
  An ice devil (IceCv)
  A merfolk (Shoals:3)
  2 redbacks
  3 tarantellas
  An alligator simulacrum (IceCv)
  A boggart (Vaults:2)
  A white imp (IceCv)
  A ball python (D:13)
  A bush (Shoals:1)
  16 fungi
  27 plants
  20 tentacles (Shoals:2)
111 creatures vanquished.

Grand Total: 1986 creatures vanquished

Notes
Turn   | Place    | Note
-------+----------+-------------------------------------------
     0 | Abyss:1  | Inarius the Minotaur Abyssal Knight began the quest for the Orb.
     0 | Abyss:1  | Reached XP level 1. HP: 19/19 MP: 1/1
    79 | Abyss:1  | Noticed a starcursed mass
    80 | D:1      | Escaped the Abyss
   150 | D:1      | Reached XP level 2. HP: 27/27 MP: 2/2
   213 | D:1      | Reached * piety under Lugonu
   557 | D:1      | Reached XP level 3. HP: 34/34 MP: 3/3
   997 | D:2      | Noticed Terence
  1009 | D:2      | Killed Terence
  1009 | D:2      | Reached skill level 5 in Fighting
  1009 | D:2      | Reached XP level 4. HP: 40/42 MP: 4/4
  1047 | D:2      | Noticed Jessica
  1054 | D:2      | Killed Jessica
  1740 | D:3      | Reached XP level 5. HP: 50/50 MP: 5/5
  1792 | D:3      | Reached ** piety under Lugonu
  1842 | D:3      | Found a blossoming altar of Fedhas.
  1845 | D:3      | Found an ancient bone altar of Kikubaaqudgha.
  1849 | D:3      | Found an iron altar of Okawaru.
  1849 | D:3      | Found a burning altar of Makhleb.
  1849 | D:3      | Found a shadowy altar of Dithmenos.
  1849 | D:3      | Found a deep blue altar of Sif Muna.
  1850 | D:3      | Found a glowing golden altar of the Shining One.
  2444 | D:4      | Reached XP level 6. HP: 36/57 MP: 6/6
  2627 | D:4      | Reached skill level 5 in Armour
  3062 | D:4      | Reached *** piety under Lugonu
  3507 | D:5      | Entered Level 5 of the Dungeon
  3767 | D:5      | Got a steaming falchion
  3768 | D:5      | Identified the +11 falchion of Gonoylede {slice, rC- Str+8} (You found it on level 5 of the Dungeon)
  3847 | D:5      | You fall through a shaft for 3 floors!
  3847 | D:8      | Noticed a hungry ghost
  3856 | D:8      | Killed a hungry ghost
  3856 | D:8      | Reached XP level 7. HP: 66/66 MP: 7/7
  4445 | D:6      | Found a staircase to the Ecumenical Temple.
  4462 | Temple   | Entered the Ecumenical Temple
  4533 | D:6      | Reached XP level 8. HP: 47/74 MP: 8/8
  4935 | D:7      | Reached skill level 5 in Long Blades
  5013 | D:7      | Noticed an ice statue
  5287 | D:7      | Reached **** piety under Lugonu
  5287 | D:7      | Reached XP level 9. HP: 80/82 MP: 10/10
  6251 | D:8      | Found Bumoy's General Store.
  6256 | D:8      | Bought a scroll of blinking for 112 gold pieces
  6256 | D:8      | Bought a scroll of fear for 52 gold pieces
  6256 | D:8      | Bought a scroll of enchant armour for 112 gold pieces
  6361 | D:8      | Noticed an unseen horror
  6366 | D:8      | Killed an unseen horror
  6366 | D:8      | Reached skill level 10 in Armour
  6366 | D:8      | Reached skill level 5 in Invocations
  6366 | D:8      | Reached XP level 10. HP: 80/91 MP: 12/12
  6549 | D:8      | Found a basalt altar of Yredelemnul.
  6619 | D:8      | Found a hide-covered altar of Uskayaw.
  6620 | D:8      | Found a stormy altar of Qazlal.
  7253 | D:9      | Found Cier's Distillery.
  7256 | D:9      | Bought a potion of heal wounds for 80 gold pieces
  7375 | D:9      | Noticed a two-headed ogre
  7382 | D:9      | Killed a two-headed ogre
  7382 | D:9      | Reached skill level 10 in Fighting
  7382 | D:9      | Reached skill level 10 in Long Blades
  7382 | D:9      | Reached skill level 1 in Evocations
  7625 | D:10     | Entered Level 10 of the Dungeon
  7816 | D:10     | Got a brightly glowing ring mail
  7827 | D:10     | Identified the +3 ring mail "Wuesieck" {rCorr Str+3} (You found it on level 10 of the Dungeon)
  8228 | D:11     | Noticed a death yak
  8247 | D:11     | Noticed a death yak
  8249 | D:11     | Noticed a death yak
  8256 | D:11     | Killed a death yak
  8256 | D:11     | Reached skill level 1 in Stealth
  8256 | D:11     | Reached XP level 11. HP: 57/101 MP: 14/14
  8272 | D:10     | Killed a death yak
  8398 | D:11     | Noticed a cyan ugly thing
  8403 | D:11     | Killed a death yak
  8403 | D:11     | Reached ***** piety under Lugonu
  8409 | D:11     | Killed a cyan ugly thing
  8493 | D:11     | Found a staircase to the Lair.
  8633 | D:11     | Paralysed by a hornet for 3 turns
  8681 | D:11     | Noticed a purple ugly thing
  8692 | D:11     | Noticed a tengu warrior
  8694 | D:11     | Killed a green ugly thing
  8709 | D:11     | Noticed a glowing orange brain
  8709 | D:11     | a tengu warrior changed into a glowing orange brain
  8717 | D:11     | Killed a glowing orange brain
  8861 | D:11     | Noticed a green ugly thing
  8869 | D:11     | Killed a green ugly thing
  8884 | D:11     | Found a runed gate.
  8884 | D:11     | Found a runed gate.
  8885 | D:11     | Found a runed gate.
  8887 | D:11     | Noticed Scuka's ghost (journeyman DDFi)
  8907 | D:11     | Reached skill level 1 in Shields
  9029 | D:11     | Noticed an unseen horror
  9040 | D:11     | Killed an unseen horror
  9259 | D:12     | Noticed a two-headed ogre
  9270 | D:12     | Killed a two-headed ogre
  9344 | D:12     | Found a staircase to the Orcish Mines.
  9576 | D:12     | You fall through a shaft for 2 floors!
  9597 | D:14     | Reached XP level 12. HP: 55/110 MP: 17/17
  9854 | D:14     | Noticed a death knight
  9980 | D:13     | Noticed a five-headed hydra
  9994 | D:13     | Killed a five-headed hydra
 10240 | D:12     | Noticed a five-headed hydra
 10249 | D:12     | Killed a five-headed hydra
 10677 | D:12     | Noticed a two-headed ogre
 10686 | D:12     | Killed a two-headed ogre
 11002 | D:12     | Found a blossoming altar of Fedhas.
 11081 | D:13     | Paralysed by a hornet for 3 turns
 11324 | Lair:1   | Entered Level 1 of the Lair of Beasts
 11611 | D:8      | Bought a +2 buckler for 247 gold pieces
 12010 | Lair:1   | Found a runed gate.
 12010 | Lair:1   | Found a runed gate.
 12011 | Lair:1   | Found a runed gate.
 12012 | Lair:1   | Noticed biddum's ghost (journeyman TrFi)
 12313 | Lair:1   | Noticed a six-headed hydra
 12328 | Lair:1   | Killed a six-headed hydra
 12923 | Lair:1   | Noticed a thorn hunter
 12923 | Lair:1   | an oklob plant changed into a thorn hunter
 13282 | Lair:2   | Reached skill level 5 in Dodging
 13282 | Lair:2   | Reached XP level 13. HP: 109/118 MP: 19/19
 13899 | Lair:2   | Found a hole to the Spider Nest.
 14026 | Lair:2   | Reached ****** piety under Lugonu
 14859 | Lair:3   | Reached skill level 10 in Invocations
 14902 | Lair:3   | Found a staircase to the Shoals.
 15549 | Lair:4   | Reached skill level 5 in Shields
 16279 | Lair:5   | Reached XP level 14. HP: 117/129 MP: 20/20
 17176 | Lair:6   | Entered Level 6 of the Lair of Beasts
 17585 | Lair:6   | Found a staircase to the Slime Pits.
 17586 | Lair:6   | Found a viscous altar of Jiyva.
 18169 | Lair:6   | Got a crystal short sword
 18170 | Lair:6   | Identified the +9 short sword "Haufehe" {pierce, +Inv rC- MP+9 Str+3} (You found it on level 6 of the Lair of Beasts)
 18365 | Lair:6   | Reached skill level 15 in Long Blades
 19470 | Lair:1   | Killed a thorn hunter
 19572 | Lair:1   | Killed biddum's ghost
 19829 | D:11     | Killed Scuka's ghost
 20121 | D:13     | Reached XP level 15. HP: 135/139 MP: 22/22
 20233 | D:13     | Found a gate to the Vaults.
 20788 | D:13     | Identified the Catalogue of Nature
 21074 | Orc:1    | Entered Level 1 of the Orcish Mines
 21603 | Orc:2    | Entered Level 2 of the Orcish Mines
 21787 | Orc:2    | Found Ostrewa's General Store.
 22131 | Orc:2    | Reached skill level 15 in Fighting
 22273 | Orc:2    | Found Gaujefash's General Store.
 22274 | Orc:2    | Found Hidust's Jewellery Shoppe.
 22274 | Orc:2    | Found Oqetweg's General Store.
 22274 | Orc:2    | Found Eheniudd's Assorted Antiques.
 22307 | Orc:2    | Bought a scroll of acquirement for 624 gold pieces
 22454 | Orc:2    | Paralysed by an orc sorcerer for 5 turns
 22554 | Orc:2    | Noticed an orc warlord
 22863 | Orc:2    | Found a staircase to the Elven Halls.
 22887 | Orc:2    | Killed an orc warlord
 22991 | Orc:2    | Found a roughly hewn altar of Beogh.
 23388 | D:14     | Found a white marble altar of Elyvilon.
 23476 | D:14     | Noticed Rupert
 23490 | D:14     | Killed Rupert
 23490 | D:14     | Reached skill level 10 in Dodging
 24427 | D:15     | Entered Level 15 of the Dungeon
 24427 | D:15     | Noticed Azrael
 25098 | D:15     | Reached XP level 16. HP: 113/150 MP: 24/24
 25193 | D:15     | Killed Azrael
 25279 | D:15     | Found a staircase to the Depths.
 26027 | Shoals:1 | Entered Level 1 of the Shoals
 26200 | Shoals:1 | Noticed Josephine
 26218 | Lair:3   | Killed Josephine
 26650 | Shoals:1 | Noticed Frances
 26672 | Shoals:1 | Killed Frances
 26983 | Shoals:1 | Got a spiked ring mail
 26997 | Shoals:1 | Identified the +1 ring mail "Zojo" {rF+} (You found it on level 1 of the Shoals)
 27483 | Shoals:2 | Identified the Compendium of Execration and Toxins
 27496 | Shoals:2 | Reached skill level 5 in Evocations
 27554 | Shoals:2 | Noticed a kraken
 27649 | Shoals:2 | Reached skill level 10 in Shields
 27650 | Shoals:2 | Killed a kraken
 27747 | Shoals:2 | Noticed a kraken
 27825 | Shoals:2 | Killed a kraken
 29876 | Shoals:4 | Entered Level 4 of the Shoals
 30309 | Shoals:4 | Reached XP level 17. HP: 160/160 MP: 26/26
 30857 | Shoals:4 | Reached skill level 15 in Armour
 31330 | Shoals:4 | Got a barnacled rune of Zot
 32003 | Elf:1    | Entered Level 1 of the Elven Halls
 33029 | Elf:2    | Found a runed gate.
 33029 | Elf:2    | Found a runed gate.
 33029 | Elf:2    | Found a runed gate.
 33115 | Elf:2    | Got a translucent war axe
 33116 | Elf:2    | Identified the +6 war axe of Wayrraub {drain, *Slow rF++ Stlth+} (You found it on level 2 of the Elven Halls)
 34206 | Elf:2    | Noticed a deep elf blademaster
 34219 | Elf:2    | Killed a deep elf blademaster
 34294 | Elf:2    | Reached XP level 18. HP: 103/172 MP: 27/27
 34704 | Vaults:1 | Entered Level 1 of the Vaults
 35571 | Vaults:1 | Found Kiadushro's Distillery.
 36630 | Vaults:1 | Reached skill level 15 in Invocations
 36898 | Vaults:1 | Bought a potion of heal wounds for 100 gold pieces
 36898 | Vaults:1 | Bought a potion of heal wounds for 100 gold pieces
 36898 | Vaults:1 | Bought a potion of haste for 200 gold pieces
 36898 | Vaults:1 | Bought a potion of might for 80 gold pieces
 36898 | Vaults:1 | Bought a potion of haste for 200 gold pieces
 37648 | Vaults:2 | Reached XP level 19. HP: 145/183 MP: 29/29
 38191 | Vaults:2 | Noticed Boris
 38210 | Vaults:2 | Killed Boris
 39880 | Vaults:3 | Found Siak's Armour Emporium.
 40669 | Vaults:3 | Found a staircase to the Crypt.
 40669 | Vaults:3 | Found an ancient bone altar of Kikubaaqudgha.
 40670 | Vaults:3 | Found a basalt altar of Yredelemnul.
 40764 | Vaults:3 | Found a runed gate.
 40765 | Vaults:3 | Found an opulent altar of Gozag.
 40765 | Vaults:3 | Noticed Bumal's ghost (veteran MfGl)
 40766 | Vaults:3 | Found a runed gate.
 40766 | Vaults:3 | Found a runed gate.
 40766 | Vaults:3 | Noticed an ancient lich
 40767 | Vaults:3 | Found Geher's Assorted Antiques.
 41710 | Vaults:4 | Noticed Mennas
 41765 | Vaults:4 | Killed Mennas
 42250 | Orc:2    | Bought a potion of might for 48 gold pieces
 42347 | D:9      | Bought a potion of resistance for 160 gold pieces
 42347 | D:9      | Bought a potion of might for 64 gold pieces
 42347 | D:9      | Bought a potion of might for 64 gold pieces
 42757 | Vaults:4 | Reached XP level 20. HP: 176/195 MP: 30/30
 43745 | Elf:3    | Entered Level 3 of the Elven Halls
 45228 | Elf:3    | Got a jewelled scimitar {holy}
 45229 | Elf:3    | Identified the +3 scimitar "Qethruer" {holy, SInv} (You took it off a deep elf high priest on level 3 of the Elven Halls)
 45597 | Elf:3    | Got slimy storm dragon scales
 45611 | Elf:3    | Identified the +7 storm dragon scales "Tomnestra" {*Slow rElec MP+9 Slay+2} (You took it off a deep elf blademaster on level 3 of the Elven Halls)
 45841 | Elf:3    | Cast into level 3 of the Abyss (a deep elf sorcerer)
 45890 | Elf:3    | Escaped the Abyss
 46023 | Elf:3    | Cast into level 3 of the Abyss (a deep elf demonologist)
 46060 | Elf:3    | Escaped the Abyss
 46521 | Elf:3    | Got a smoking brass ring
 46523 | Elf:3    | Identified the ring of Lekkisonn {rF- rN+ Str+5 Dex+4} (You took it off a deep elf mage on level 3 of the Elven Halls)
 46632 | Elf:3    | Found the +10 Black Knight's horse barding {ponderous, rPois rN+}
 46998 | Depths:1 | Entered Level 1 of the Depths
 47460 | Depths:1 | Found a one-way gate to the infinite horrors of the Abyss.
 47590 | Depths:1 | Reached XP level 21. HP: 206/206 MP: 32/32
 48165 | Depths:1 | Got a scorched lapis lazuli ring
 48168 | Depths:1 | Identified the ring of the Median {MP+9 Int+2 Dex-4 Slay+2} (You took it off a fire giant on level 1 of the Depths)
 48482 | Depths:1 | Found a gateway to Hell.
 48650 | Depths:1 | Found a portal to a secret trove of treasure.
 50296 | Depths:2 | Paralysed by a floating eye for 2 turns
 50303 | Depths:2 | Noticed a caustic shrike
 50449 | Depths:2 | Found Veih's Jewellery Emporium.
 50450 | Depths:2 | Found Inylutayt's Gadget Shop.
 50451 | Depths:2 | Found Veycaze's Jewellery Emporium.
 50461 | Depths:2 | Bought the ring "Givoqy" {Wiz rPois rF+} for 867 gold pieces
 50705 | Spider:1 | Entered Level 1 of the Spider Nest
 50728 | Lair:2   | Identified a +9 double sword of distortion (a +8 double sword of protection corrupted by Lugonu)
 50728 | Lair:2   | Received a gift from Lugonu
 52005 | Spider:2 | Noticed Arachne
 53154 | Spider:3 | Reached XP level 22. HP: 207/220 MP: 33/33
 53311 | Spider:4 | Entered Level 4 of the Spider Nest
 53367 | Spider:4 | Found a frozen archway.
 53405 | IceCv    | Entered an ice cave
 54004 | IceCv    | Identified the Tome of the Ensnaring Birds
 54015 | IceCv    | Identified the ring "Uddexumi" {rElec rPois rF- MR+} (You found it in an ice cave)
 54025 | IceCv    | Identified the +0 hat of Juats {Dex+2 SInv} (You found it in an ice cave)
 55322 | Spider:4 | Got a gossamer rune of Zot
 55992 | Vaults:3 | Bought a potion of heal wounds for 140 gold pieces
 56096 | Vaults:3 | Banished Bumal's ghost
 56613 | Depths:3 | Noticed Xtahua
 56777 | Depths:3 | Killed Xtahua
 57045 | Depths:3 | Noticed Nikola
 57094 | Depths:3 | Killed Nikola
 57428 | Depths:3 | Paralysed by a great orb of eyes for 5 turns
 57557 | Depths:3 | Found a one-way gate leading to the halls of Pandemonium.
 57765 | Depths:3 | Identified the +3 scimitar "Uwud" {slice, -Tele rC+++ SInv} (You found it on level 3 of the Depths)
 58282 | Depths:4 | Found a gateway to a ziggurat.
 58422 | Depths:4 | Found a corrupted altar of Lugonu.
 58514 | Depths:4 | Reached XP level 23. HP: 158/232 MP: 34/34
 58720 | Depths:4 | Paralysed by a floating eye for 4 turns
 58857 | Depths:4 | Noticed a caustic shrike
 58857 | Depths:4 | a golden dragon changed into a caustic shrike
 58863 | Depths:4 | a caustic shrike changed into an iron dragon
 59798 | Depths:5 | Entered Level 5 of the Depths
 59854 | Depths:4 | Paralysed by a vampire knight for 7 turns
 59861 | Depths:4 | Mangled by an ettin

Skill      XL: |  1  2  3  4  5  6  7  8  9 10 11 12 13 14 15 16 17 18 19 20 21 22 23 |
---------------+----------------------------------------------------------------------+-----
Fighting       | 4 5 6 7 8 9 10 11 12 13 14 15 16 18 19 20 21 23 24 | 24.9
Invocations    | 2 3 5 6 8 9 10 11 12 13 14 15 16 | 16.0
Armour         | 3 4 6 7 9 10 11 12 13 14 15 16 17 18 | 18.7
Dodging        | 2 3 4 5 7 8 10 11 12 13 14 | 14.6
Long Blades    | 3 6 9 10 12 13 14 15 16 17 19 20 21 22 23 24 | 24.1
Evocations     | 1 2 4 5 6 7 |  7.3
Stealth        | 1 |  1.3
Shields        | 1 3 5 7 9 10 | 10.6
Maces & Flails | |  0.6

Action                   |  1- 3 |  4- 6 |  7- 9 | 10-12 | 13-15 | 16-18 | 19-21 | 22-24 || total
-------------------------+-------+-------+-------+-------+-------+-------+-------+-------++-------
Melee: Falchion          |    52 |   203 |   180 |   530 |  1163 |   174 |       |       ||  2302
       Headbutt          |    10 |    29 |    39 |   158 |   419 |   477 |   510 |   262 ||  1904
       Whip              |       |       |       |    18 |       |       |       |       ||    18
       Dagger            |       |       |       |    17 |   101 |       |       |       ||   118
       Double sword      |       |       |       |       |       |  1325 |  1740 |   754 ||  3819
Invok: Depart the Abyss  |     1 |       |       |       |       |       |     2 |       ||     3
       Banish            |       |       |     1 |       |     1 |     2 |     1 |       ||     5
       Brand Weapon With |       |       |       |       |       |       |     1 |       ||     1
Evoke: Wand              |       |       |     4 |    34 |    21 |    84 |    27 |    26 ||   196
       Lamp of fire      |       |       |       |       |       |       |     1 |       ||     1
  Use: Scroll            |       |    12 |     9 |     5 |    11 |    16 |    19 |     6 ||    78
       Potion            |       |       |       |     6 |     2 |    17 |    12 |     3 ||    40
 Stab: Paralysed         |       |       |       |       |       |     2 |     2 |       ||     4
       Distracted        |       |       |       |       |       |     1 |       |       ||     1
       Sleeping          |       |       |       |       |       |     1 |       |       ||     1
  Eat: Chunk             |       |     8 |     7 |    17 |    31 |    29 |    45 |     8 ||   145
       Ration            |       |       |     1 |     2 |     2 |     4 |     2 |     4 ||    15
Armor: Leather armour    |    11 |       |       |       |       |       |       |       ||    11
       Plate armour      |    25 |   228 |   105 |    19 |       |       |   438 |   261 ||  1076
       Chain mail        |       |       |       |   197 |       |       |       |       ||   197
       Quicksilver drago |       |       |       |    33 |   272 |   513 |   136 |       ||   954
Dodge: Dodged            |    34 |    91 |    88 |   220 |   560 |   761 |   493 |   209 ||  2456
Block: Buckler           |       |       |       |    59 |   315 |   335 |       |       ||   709
       Large shield      |       |       |       |       |       |   478 |  1359 |   543 ||  2380
       Rpst.: Falchion   |    12 |    30 |    21 |    43 |   112 |    14 |       |       ||   232
       Double sword      |       |       |       |       |       |   127 |    93 |    35 ||   255
